Map: Bel'Shir Vestige LE (Void)

Players

uThermal

  • Race: Terran Terran
  • Spawn Location: 11:00

GAMETIME - Winner!

  • Race: Zerg Zerg
  • Spawn Location: 5:00

Event: WCS Austin 2017

VOD

Have the link to the VOD?

Description

Time

  • Played on: April 28, 2017, 2:35 p.m.
  • Length: 11:03

All games in this series

Show
View Real Time Build Order
Export as new Build Order

uThermal Terran 

Build Orders: Hellion Opening, Reaper Expand, MMM Bio 

Get SALT Encoding   

  12  0:02  SCV  
  13  0:14  SCV  
  14  0:17  Supply Depot  
  14  0:26  SCV  
  14  0:28  Refinery  
  15  0:38  SCV  
  16  0:44  Barracks  
  16  0:51  SCV  
  17  1:03  SCV  
  18  1:15  SCV  
  19  1:31  Reaper, Orbital Command  
  20  1:41  Command Center  
  20  1:52  Factory  
  20  1:58  SCV  
  21  2:06  Barracks Reactor  
  21  2:10  SCV  
  21  2:13  Supply Depot  
  22  2:16  Refinery  
  22  2:22  SCV  
  23  2:35  SCV  
  24  2:43  Starport  
  24  2:47  SCV  
  25  2:53  Hellion x2  
  25  2:55  Orbital Command  
  29  2:58  Marine  
  29  2:59  SCV  
  31  3:14  Hellion  
  31  3:15  Hellion  
  31  3:17  SCV  
  36  3:23  Viking  
  36  3:27  SCV  
  39  3:29  SCV  
  39  3:30  Barracks Tech Lab  
  40  3:35  Supply Depot  
  40  3:37  Hellion  
  40  3:39  SCV  
  40  3:41  Hellion  
  45  3:44  SCV  
  46  3:51  Supply Depot  
  46  3:56  SCV x2  
  46  3:59  Raven  
  50  4:08  SCV  
  50  4:18  Command Center  
  50  4:19  Supply Depot  
  50  4:21  Barracks Tech Lab, SCV x2  
  52  4:29  Engineering Bay  
  52  4:30  Engineering Bay  
  52  4:33  SCV  
  52  4:36  Refinery  
  52  4:37  Refinery, SCV  
  54  4:39  Marine  
  54  4:43  Stimpack  
  55  4:45  SCV  
  55  4:47  Raven  
  55  4:49  SCV  
  59  4:58  SCV  
  60  5:01  Factory Reactor  
  60  5:04  Barracks x2  
  60  5:07  Missile Turret  
  61  5:14  Missile Turret x2, SCV  
  61  5:16  SCV  
  61  5:21  Missile Turret  
  62  5:25  Missile Turret, Marine  
  62  5:27  SCV  
  64  5:34  Orbital Command  
  64  5:40  Starport Reactor  
  64  5:42  Terran Infantry Armor Level 1, Terran Infantry Weapons Level 1  
  64  5:45  Marine  
  64  5:48  SCV  
  64  5:49  SCV  
  67  5:52  Factory Reactor  
  67  5:55  Supply Depot  
  65  5:59  Marine x2  
  65  6:00  Marine x2, SCV  
  65  6:01  SCV  
  65  6:03  Marine  
  72  6:05  SCV  
  72  6:06  Supply Depot  
  71  6:16  Medivac  
  71  6:17  Medivac, Marine x2  
  77  6:21  Supply Depot x2, Marine x2  
  77  6:22  Marine  
  78  6:29  Widow Mine  
  78  6:30  Widow Mine  
  77  6:32  SCV  
  77  6:33  SCV  
  77  6:34  Marine  
  77  6:35  Marine  
  77  6:39  Barracks  
  80  6:41  Barracks  
  80  6:44  Combat Shields, Marine x2  
  80  6:45  Marine  
  83  6:52  Marine x2  
  85  6:57  Widow Mine  
  85  6:58  Medivac  
  85  6:59  Widow Mine  
  91  7:01  Marine  
  91  7:02  Medivac, Marine  
  91  7:03  Marine  
  96  7:10  Marine x2  
  96  7:11  SCV x2  
  96  7:13  Orbital Command  
  98  7:19  Marine  
  98  7:20  Marine x2  
  101  7:23  SCV  
  101  7:26  Widow Mine  
  101  7:28  Medivac, Marine x2  
  101  7:29  Supply Depot, Bunker, Missile Turret  
  108  7:30  Barracks Reactor  
  108  7:31  Barracks Reactor  
  108  7:37  Marine  
  108  7:38  Marine  
  108  7:39  SCV x2  
  112  7:44  SCV, Armory  
  112  7:48  Medivac  
  112  7:51  Marine, SCV  
  117  7:53  Widow Mine  
  117  7:54  Widow Mine  
  117  7:56  Marine  
  117  7:57  SCV x2  
  124  8:02  Medivac  
  124  8:05  Supply Depot  
  125  8:08  Supply Depot  
  125  8:12  Barracks  
  125  8:15  Barracks  
  125  8:19  Marine  
  125  8:21  SCV  
  125  8:22  Marine  
  125  8:25  Supply Depot  
  125  8:26  Supply Depot, Marine x2  
  127  8:27  Marine  
  127  8:32  Unknown x2  
  127  8:34  Terran Infantry Weapons Level 2, Barracks  
  132  8:38  Marine, Terran Infantry Armor Level 2  
  132  8:39  Marine  
  134  8:46  Marine x2  
  134  8:48  Marine  
  132  8:50  Marine  
  132  8:52  Terran Vehicle Weapons Level 1  
  132  8:55  Factory  
  129  8:56  Marine x2  
  129  8:58  Marine x2  
  129  9:01  Barracks Tech Lab  
  136  9:03  Marine, Barracks Tech Lab  
  136  9:04  Marine  
  136  9:05  Marine  
  133  9:12  Marine x2  
  133  9:14  Marine  
  123  9:18  Marine  
  123  9:21  Marauder  
  123  9:22  Marauder  
  114  9:25  Marauder, Marine  
  114  9:26  Marine  
  105  9:39  Marine x2  
  105  9:40  Marine  
  105  9:41  Medivac  
  105  9:43  Marauder  
  97  9:47  Marauder, Marine x2  
  97  9:48  Marine x2, SCV  
  97  9:50  Marine, Barracks Tech Lab  
  105  9:57  Marine  
  101  10:02  Marine  
  101  10:03  Marine  
  101  10:05  Marauder  
  100  10:13  Marine  
  99  10:14  Marauder  
  99  10:19  Marine x2  
  96  10:23  Marine x2  
  96  10:25  Marine  
  96  10:26  Marauder  
  96  10:27  Marine  
  98  10:30  Marine  
  98  10:31  Marine  
  98  10:35  Marine  
  89  10:45  Marine  
Show
View Real Time Build Order
Export as new Build Order

GAMETIME Zerg - Winner!

Build Orders: Hatch First 

Get SALT Encoding   

  12  0:00  Drone  
  13  0:08  Drone  
  14  0:17  Overlord  
  14  0:22  Extractor  
  14  0:23  Drone  
  16  0:35  Drone x2  
  17  0:52  Hatchery  
  17  0:55  Drone  
  17  0:59  Drone  
  18  1:09  Extractor  
  17  1:13  Spawning Pool  
  17  1:16  Drone  
  17  1:20  Drone  
  18  1:26  Drone  
  19  1:42  Overlord  
  19  2:01  Queen, Zergling x4  
  21  2:03  Queen  
  21  2:04  Zergling x2  
  26  2:10  Metabolic Boost  
  26  2:11  Drone  
  26  2:14  Drone  
  28  2:21  Drone  
  29  2:25  Drone  
  30  2:31  Drone  
  30  2:36  Drone  
  31  2:40  Queen  
  33  2:46  Drone  
  33  2:48  Lair  
  33  2:50  Overlord  
  34  2:56  Drone  
  35  2:58  Drone  
  35  2:59  Extractor  
  35  3:04  Drone  
  36  3:09  Drone  
  36  3:11  Drone x3  
  40  3:15  Overlord  
  40  3:20  Zergling x4  
  40  3:24  Overlord  
  42  3:27  Drone  
  42  3:28  Drone  
  42  3:33  Extractor  
  43  3:34  Extractor  
  43  3:36  Drone  
  43  3:39  Drone  
  43  3:44  Drone x3  
  43  3:45  Drone x2  
  48  3:55  Spire  
  48  4:00  Drone x2  
  49  4:03  Overseer  
  49  4:04  Drone  
  49  4:05  Drone x2  
  52  4:12  Overlord  
  52  4:18  Overlord  
  52  4:30  Drone x3  
  55  4:32  Zergling x2  
  55  4:37  Spine Crawler  
  55  4:38  Hatchery  
  55  4:39  Zergling x2  
  55  4:40  Zergling x2  
  55  4:43  Zergling x2  
  57  4:49  Overlord x2  
  57  4:52  Overlord x2  
  58  5:07  Mutalisk x4  
  58  5:10  Mutalisk  
  58  5:13  Mutalisk  
  70  5:16  Mutalisk  
  70  5:19  Mutalisk  
  74  5:23  Drone x2  
  74  5:27  Evolution Chamber  
  75  5:29  Evolution Chamber  
  75  5:31  Drone  
  74  5:38  Drone x3, Roach Warren  
  74  5:40  Drone  
  78  5:42  Drone  
  78  5:43  Drone  
  78  5:45  Drone  
  78  5:49  Overlord  
  80  5:50  Drone  
  81  5:57  Zerg Missile Weapons Level 1  
  81  5:59  Zerg Ground Armor Level 1  
  81  6:01  Overlord  
  81  6:06  Drone  
  81  6:07  Drone x2  
  81  6:09  Drone x2  
  86  6:12  Drone  
  86  6:13  Drone  
  88  6:22  Drone  
  88  6:23  Drone x4  
  88  6:24  Extractor  
  88  6:25  Extractor  
  91  6:28  Drone x2  
  91  6:29  Drone x2  
  92  6:34  Drone  
  92  6:37  Overlord  
  92  6:39  Roach  
  95  6:40  Glial Reconstitution  
  95  6:43  Roach  
  95  6:44  Hatchery  
  95  6:46  Roach  
  94  6:50  Roach x2  
  94  6:53  Roach  
  94  6:59  Drone x2  
  94  7:00  Drone  
  95  7:09  Drone  
  95  7:10  Drone x5  
  95  7:15  Drone x3  
  104  7:18  Overlord  
  104  7:21  Overlord  
  104  7:22  Overseer  
  104  7:25  Ravager x3  
  104  7:26  Ravager x3, Overlord  
  104  7:29  Roach  
  112  7:32  Roach x3  
  112  7:34  Roach  
  120  7:39  Roach x2  
  126  7:44  Roach  
  126  7:45  Roach x3  
  126  7:47  Overlord  
  126  7:48  Roach  
  126  7:50  Overlord  
  134  7:54  Zerg Missile Weapons Level 2  
  134  7:56  Roach  
  136  8:00  Roach  
  136  8:01  Roach x2  
  136  8:03  Roach  
  136  8:05  Ravager x3  
  147  8:06  Roach  
  147  8:07  Overlord  
  151  8:13  Roach x3  
  151  8:16  Roach x2  
  153  8:28  Drone x5  
  153  8:29  Drone x5  
  153  8:30  Roach  
  164  8:34  Roach x2  
  164  8:35  Roach  
  164  8:40  Overlord x2  
  168  8:52  Overlord x3  
  168  8:53  Overlord  
  165  8:59  Ravager x3  
  165  9:00  Roach x3  
  165  9:01  Roach  
  169  9:12  Roach  
  169  9:13  Roach x6  
  161  9:17  Roach x2  
  161  9:18  Roach  
  161  9:19  Roach  
  161  9:22  Roach x2  
  171  9:24  Roach x2  
  171  9:29  Roach  
  175  9:34  Roach  
  175  9:35  Roach  
  175  9:36  Roach x4  
  175  9:37  Roach  
  175  9:38  Roach  
  176  9:40  Roach  
  176  9:42  Roach  
  176  9:43  Roach  
  163  9:46  Roach x2  
  163  9:47  Roach  
  163  9:49  Ravager  
  163  9:50  Ravager  
  163  9:51  Ravager, Roach  
  172  9:55  Roach  
  172  9:56  Roach x2  
  172  9:58  Roach x2  
  169  10:00  Roach  
  169  10:02  Roach  
  169  10:05  Roach  
  169  10:06  Roach x2  
  172  10:09  Roach x2  
  172  10:12  Roach x2  
  178  10:17  Roach  
  178  10:18  Roach x3  
  178  10:19  Roach  
  178  10:21  Roach  
  178  10:23  Roach  
  178  10:24  Roach  
  178  10:27  Roach x2  
  178  10:29  Roach  
  178  10:31  Roach  
  178  10:32  Roach  
  178  10:34  Roach  
  178  10:39  Roach  
  178  10:40  Roach x2  
Tags
 
Add a new tag
Caveats
  • Supply blocks, unpowered buildings, or Contaminate may cause inaccurate times.
  • Supply counts are checked every 10 seconds.